 Dungeon Crawl Stone Soup version 0.22-a0-515-g75794bf (webtiles) character file.

42 inc the Digger (level 3, 0/25 HPs)
             Began as an Octopode Earth Elementalist on June 19, 2018.
             Was an Initiate of Gozag.
             Slain by an adder (4 damage)
             ... on level 2 of the Dungeon.
             The game lasted 00:01:58 (1468 turns).

inc the Digger (Octopode Earth Elementalist)        Turns: 1468, Time: 00:01:58

Health: 0/25       AC:  1    Str: 12    XL:     3   Next: 56%
Magic:  1/6        EV: 13    Int: 23    God:    Gozag
Gold:   58         SH:  0    Dex: 12    Spells: 3/6 levels left

rFire    . . .     SeeInvis .   (no weapon)
rCold    . . .     Gourm    .   (no shield)
rNeg     . . .     Faith    .   (helmet restricted)
rPois    .         Spirit   .   (no amulet)
rElec    .         Reflect  .   (no ring)
rCorr    .         Harm     .   (no ring)
MR       .....                  (no ring)
Stlth    +++.......             (no ring)
HPRegen  0.08/turn              (no ring)
MPRegen  0.10/turn              (no ring)
                                (no ring)
                                (no ring)

@: mighty, brilliant, lethally poisoned (0 -> -8), gold aura, very slightly
contaminated
A: almost no armour, stealthy swim, amphibious, 8 rings, constrict 8, camouflage
1, gelatinous body 1
a: Potion Petition, Call Merchant, Bribe Branch, Renounce Religion


You were on level 2 of the Dungeon.
You worshipped Gozag.
Gozag was noncommittal.
You were not hungry.

You visited 1 branch of the dungeon, and saw 2 of its levels.

You collected 101 gold pieces.
You paid 43 gold pieces to Gozag.

Inventory:

Missiles
 b - 63 stones (quivered)
Scrolls
 e - a scroll of teleportation {unknown}
Comestibles
 c - 5 rations


   Skills:
 - Level 2.7 Fighting
 - Level 2.0 Dodging
 - Level 2.6 Stealth
 + Level 2.3 Spellcasting
 - Level 1.0 Transmutations
 - Level 3.0 Earth Magic


You had 3 spell levels left.
You knew the following spells:

 Your Spells              Type           Power        Failure   Level  Hunger
a - Sandblast             Erth           ####..       1%          1    None
b - Passwall              Tmut/Erth      ####....     1%          2    ##.....

Your spell library contained the following spells:

 Spells                   Type           Power        Failure   Level  Hunger
 Stone Arrow              Conj/Erth      ###...       2%          3    ###....
 Lee's Rapid Deconstruct  Erth           ####......   11%         5    ######.
 Petrify                  Tmut/Erth      ####....     6%          4    ####...


Dungeon Overview and Level Annotations

Branches:
Dungeon (2/15)

Altars:
Gozag


Innate Abilities, Weirdness & Mutations

You cannot wear most types of armour.
You are very stealthy in the water. (Stealth+)
You are amphibious.
You can wear up to eight rings at the same time.
You can use your tentacles to constrict eight enemies at once.
Your skin changes colour to match your surroundings (Stealth+).
Your rubbery body absorbs attacks. (AC +1, EV +1)


Message History

You feel very mighty all of a sudden.
* * * LOW HITPOINT WARNING * * *
You feel sick. The adder barely misses you.
You tentacle-slap the adder but do no damage.
You grab the adder.
You kill the adder!
The adder closely misses you.
You tentacle-slap the adder. Your grab misses the adder.
The adder is heavily wounded.
* * * LOW HITPOINT WARNING * * *
You feel sick. The adder misses you.
You closely miss the adder. Your grab misses the adder.
The adder is heavily wounded.
* * * LOW HITPOINT WARNING * * *
You feel sick. The adder barely misses you.
You miss the adder. You grab the adder.
The adder is heavily wounded.
You constrict the adder. The adder bites you.
You die...
Your body crumbles into a pile of gold.

$
#####..##<..##
#>#####.###
#.# #...# $
#.# ###.# ..#
#.# # #.# ..#
#.##
.....########
#..##
#..S@....#
##..#
########.#
##.#
#.####..###
#.........####
######.##.....
#..#######
#.## #.# #.#


You could see an adder.

Vanquished Creatures
  An adder (D:2)
  3 dart slugs (D:1)
  A leopard gecko (D:2)
  2 giant cockroaches (D:1)
  3 hobgoblins
  3 jackals (D:1)
  2 kobolds
  A ball python (D:1)
  2 frilled lizards
  4 goblins (D:1)
  4 rats
26 creatures vanquished.

Notes
Turn   | Place    | Note
-------+----------+-------------------------------------------
     0 | D:1      | inc the Octopode Earth Elementalist began the quest for the Orb.
     0 | D:1      | Reached XP level 1. HP: 11/11 MP: 3/3
   207 | D:1      | Reached skill level 1 in Fighting
   380 | D:1      | Reached XP level 2. HP: 9/18 MP: 5/5
   921 | D:1      | Reached XP level 3. HP: 9/25 MP: 6/6
  1272 | D:2      | Found an opulent altar of Gozag.
  1292 | D:2      | Became a worshipper of Gozag Ym Sagoz the Greedy
  1303 | D:2      | Learned a level 2 spell: Passwall
  1468 | D:2      | Slain by an adder

Vault maps used:
D:1:      minmay_arrival_widening_spiral_wide
D:2:      nicolae_gozag_cash_rules_everything_around_me, first_ration,
          uniq_natasha

Skill      XL: |  1  2 |
---------------+-------+-----
Fighting       | 1 2 |  2.7
Dodging        | |  2.0
Stealth        | |  2.6
Spellcasting   | |  2.3
Transmutations | |  1.0
Earth Magic    | |  3.0

Action                   || total
-------------------------++-------
Melee: Unarmed           ||   100
       Constrict         ||    22
       Tentacles         ||    15
 Cast: Sandblast         ||     4
  Use: Potion            ||     2
 Stab: Sleeping          ||    11
       Distracted        ||     1
  Eat: Chunk             ||     2
Armor: Skin              ||    10
Dodge: Dodged            ||    54

Table legend:
 A = Spawn XP
 B = Non-spawn XP
 C = Spawn XP percentage of total XP
 D = Spawn monster count
 E = Non-spawn monster count
 F = Spawn count percentage of total count
 G = Total turns spent on level
                    A         B        C        D         E        F      G
               +---------+---------+-------+---------+---------+-------+---------
         Total |       0 |      61 |   0.0 |       0 |      26 |   0.0 |  1468
               +---------+---------+-------+---------+---------+-------+---------
           D:1 |       0 |      38 |   0.0 |       0 |      19 |   0.0 |  1242
           D:2 |       0 |      23 |   0.0 |       0 |       7 |   0.0 |   226
               +---------+---------+-------+---------+---------+-------+---------
